 Dungeon Crawl Stone Soup version 0.26.1-11-gd32895ea62 (webtiles) character file.

Game seed: 17586278131431449823

499 phalm the Chiller (level 7, -15/50 HPs)
             Began as a Gnoll Ice Elementalist on June 12, 2021.
             Demolished by an ogre
             ... wielding a +0 giant club
              (24 damage)
             ... on level 3 of the Dungeon.
             The game lasted 00:11:34 (4875 turns).

phalm the Chiller (Gnoll Ice Elementalist)          Turns: 4875, Time: 00:11:34

Health: -15/50     AC:  3    Str: 10    XL:     7   Next: 16%
Magic:  11/15      EV: 15    Int: 20    God:
Gold:   157        SH:  0    Dex: 15    Spells: 10/17 levels left

rFire    . . .     SeeInvis .   a - +0 bardiche
rCold    . . .     Faith    .   (shield currently unavailable)
rNeg     . . .     Spirit   .   s - +0 robe
rPois    .         Reflect  .   q - +0 helmet (curse)
rElec    .         Harm     .   (no cloak)
rCorr    .         Rampage  .   (no gloves)
Will     .....                  (no boots)
Stlth    +++.......             u - amulet of magic regeneration
HPRegen  0.16/turn              (no ring)
MPRegen  0.39/turn              (no ring)

@: frozen ramparts
A: distributed training, fangs 1, strong nose
a: no special abilities


You were on level 3 of the Dungeon.
You visited 1 branch of the dungeon, and saw 4 of its levels.

You collected 157 gold pieces.


Innate Abilities, Weirdness & Mutations

Your experience applies equally to all skills.
You have very sharp teeth.
Your uncanny sense of smell can sniff out nearby items.


   Skills:
 + Level 2.3 Fighting
 + Level 2.3 Short Blades
 + Level 2.3 Long Blades
 + Level 2.3 Axes
 + Level 2.3 Maces & Flails
 + Level 2.3 Polearms
 + Level 2.3 Staves
 + Level 2.3 Slings
 + Level 2.3 Bows
 + Level 2.3 Crossbows
 + Level 2.3 Throwing
 + Level 2.3 Armour
 + Level 5.1 Dodging
 + Level 4.8 Stealth
 + Level 2.3 Shields
 + Level 2.3 Unarmed Combat
 + Level 5.5 Spellcasting
 + Level 1.8 Conjurations
 + Level 1.8 Hexes
 + Level 1.8 Summonings
 + Level 1.8 Necromancy
 + Level 1.8 Translocations
 + Level 1.8 Transmutations
 + Level 1.8 Fire Magic
 + Level 7.3 Ice Magic
 + Level 1.8 Air Magic
 + Level 1.8 Earth Magic
 + Level 1.8 Poison Magic
 + Level 2.5 Invocations
 + Level 2.3 Evocations


You had 10 spell levels left.
You knew the following spells:

 Your Spells              Type           Power        Failure   Level
f - Freeze                Ice            100%         1%          1
o - Ozocubu's Armour      Ice            35%          1%          3
r - Frozen Ramparts       Ice            70%          1%          3

Your spell library contained the following spells:

 Spells                   Type           Power        Failure   Level
 Hailstorm                Conj/Ice       24%          16%         4
 Summon Ice Beast         Ice/Summ       24%          16%         4

Inventory:

Hand Weapons
 a - a +0 bardiche (weapon)
   (You took it off a hobgoblin on level 2 of the Dungeon)
 b - a +0 hunting sling
   (You took it off a goblin on level 2 of the Dungeon)
 v - a +0 trident
   (You took it off Robin on level 2 of the Dungeon)
Missiles
 c - 24 poisoned darts (quivered)
 e - 16 arrows
 j - 31 bolts
 l - 75 sling bullets
 p - 55 stones
 r - 6 boomerangs
 B - 8 curare-tipped darts {=f}
Armour
 q - a cursed +0 helmet (worn)
   (You found it on level 2 of the Dungeon)
 s - a +0 robe (worn)
Jewellery
 u - an amulet of magic regeneration (around neck)
   (You took it off Robin on level 2 of the Dungeon)
Wands
 z - a wand of enslavement (7)
   (You took it off Ijyb on level 3 of the Dungeon)
Scrolls
 g - 2 scrolls of amnesia
 h - 2 scrolls of remove curse {@r2}
 k - 2 scrolls of magic mapping {!r}
 t - a scroll of enchant weapon {unknown}
 w - a scroll of enchant armour {unknown}
 x - a scroll of fog
 y - 2 scrolls of fear {unknown}
 A - a scroll of teleportation {unknown}
 D - a scroll of noise {unknown}
Potions
 d - 3 potions of heal wounds {@q2}
 f - a potion of lignification {!q}
 i - a potion of flight
 m - a potion of resistance
 n - 2 potions of berserk rage {!q}
 o - a potion of cancellation {unknown}
 C - 2 potions of curing {unknown}

Dungeon Overview and Level Annotations

Branches:
Dungeon (4/15)
 Temple: D:4-7

Altars:
Ashenzari
Dithmenos
Elyvilon
Nemelex Xobeh
Trog
Zin

.........)...##......)...# #.#
.........##..##.#.##.....# #.#
#...#######..##.#.##.....# #.#
#...# #.......######## ##.#
#...#######.#..#.### #...
......##...........# #######.#.
#...#.##.##.....##.# #.........
##.##.##.##<...O##.### #.#####..#
##....##.##.....@....###.#####..#
####..##.###.#.###.#............#
......##.###.#.###.#####.#####.##
####.###...........# #.#####.#
......############## #.......#
####.........# #########
.......#####.# ##...).#####.###
##.##.###......#


You could see an ogre.


Message History

No target in view!
c - 24 poisoned darts (gained 1)
c - 25 poisoned darts (gained 1)
Found a stone staircase leading up.
You now have 148 gold pieces (gained 9). 😎 HP[+9]
Your hp is fully restored (50).
Things that are here:
a +0 scythe; a +0 robe; the human corpse of Sigmund
c - 26 poisoned darts (gained 1)
c - 28 poisoned darts (gained 2)
B - 6 curare-tipped darts {=f} (gained 2)
B - 8 curare-tipped darts {=f} (gained 2)
c - 29 poisoned darts (gained 1)
Things that are here:
a +0 scythe; a +0 robe; the human corpse of Sigmund You now have 157 gold pieces (gained 9).
Things that are here:
a +0 scythe; a +0 robe; the human corpse of Sigmund You see here a chain mail.
There is a stone staircase leading up here.
Done exploring.
Done exploring.
(D) Dungeon
Where to? (Enter - D:3, ? - help)
You see here a cursed -2 dagger.
There is a stone staircase leading down here.
You climb downwards.
An ogre and a lemure come into view.
There is a stone staircase leading up here.
Okay, then.
You throw a poisoned dart. The poisoned dart hits the lemure.
The lemure shouts!
The ogre shouts!
You hear a shout!
You throw a poisoned dart.
The poisoned dart closely misses the lemure.
You throw a poisoned dart.
The poisoned dart barely misses the lemure.
You throw a poisoned dart. The poisoned dart hits the lemure.
The lemure is poisoned.
You throw a poisoned dart. The poisoned dart hits the lemure.
The lemure looks even sicker.
You hit the lemure but do no damage. You bite the lemure, but do no damage.
A lemure comes into view.
The lemure barely misses you. The lemure hits you!
The ogre closely misses you. 😕 HP[-7]
You take 7 damage, and now have 43/50 hp.
The lemure closely misses you.
You climb upwards.
There is a stone staircase leading down here.
Casting: Freeze (safe; 1% risk of failure)
Confirm with . or Enter, or press ? or * to list all spells.
Casting: Frozen Ramparts (safe; 1% risk of failure)
Press: ? - help, Dir - look around, f - activate A stone staircase leading down.
The walls around you are covered in ice.
The ogre misses you. The lemure barely misses you. 😕 MP[-3]
You lost 3 mp, and now have 12/15 mp.
Your frozen ramparts will break if you move.
Continue?
The frozen ramparts melt away as you move.
Casting: Frozen Ramparts (safe; 1% risk of failure)
Confirm with . or Enter, or press ? or * to list all spells.
Casting: Frozen Ramparts (safe; 1% risk of failure)
Press: ? - help, Dir - look around, f - activate The walls around you are covered in ice.
The wall freezes the ogre.
The ogre misses you.
The wall freezes the lemure.
The lemure closely misses you. 😕 MP[-2]
You lost 2 mp, and now have 10/15 mp.
You slash the lemure!
The wall freezes the ogre.
The ogre closely misses you.
The wall freezes the lemure.
The lemure closely misses you.
The wall freezes the lemure.
The lemure closely misses you. 😕 HP[+1]
You hit the lemure but do no damage.
You kill the lemure!
That felt strangely unrewarding.
The wall freezes the ogre.
The ogre hits you with a +0 giant club!
The wall freezes the ogre.
The ogre misses you. 😮 HP[-16] MP[+1]
You take 16 damage, and now have 28/50 hp.
MASSIVE DAMAGE!! (PAUSE)
You are too injured to fight recklessly!
You hit the ogre.
The wall freezes the ogre.
The ogre barely misses you. 😮 MP[+1]
You completely miss the ogre.
The frozen ramparts melt away.
The ogre hits you with a +0 giant club!!
* * * LOW HITPOINT WARNING * * *
The ogre closely misses you. 😱 HP[-19] MP[+1]
You take 19 damage, and now have 9/50 hp.
MASSIVE DAMAGE!! (PAUSE)
You barely miss the ogre. The ogre closely misses you.
Casting: Frozen Ramparts (safe; 1% risk of failure)
Confirm with . or Enter, or press ? or * to list all spells.
Casting: Frozen Ramparts (safe; 1% risk of failure)
Press: ? - help, Dir - look around, f - activate The walls around you are covered in ice.
The wall freezes the ogre.
The ogre hits you with a +0 giant club!!
You die...

Skill      XL: |  1  2  3  4  5  6 |
---------------+-------------------+-----
Spellcasting   | 5 |  5.5
Invocations    | 1 2 |  2.5
Fighting       | 1 2 |  2.3
Short Blades   | 1 2 |  2.3
Long Blades    | 1 2 |  2.3
Axes           | 1 2 |  2.3
Maces & Flails | 1 2 |  2.3
Polearms       | 1 2 |  2.3
Staves         | 1 2 |  2.3
Slings         | 1 2 |  2.3
Bows           | 1 2 |  2.3
Crossbows      | 1 2 |  2.3
Throwing       | 1 2 |  2.3
Armour         | 1 2 |  2.3
Shields        | 1 2 |  2.3
Unarmed Combat | 1 2 |  2.3
Evocations     | 1 2 |  2.3
Conjurations   | 1 |  1.8
Hexes          | 1 |  1.8
Summonings     | 1 |  1.8
Necromancy     | 1 |  1.8
Translocations | 1 |  1.8
Transmutations | 1 |  1.8
Fire Magic     | 1 |  1.8
Air Magic      | 1 |  1.8
Earth Magic    | 1 |  1.8
Poison Magic   | 1 |  1.8
Dodging        | 5 |  5.1
Stealth        | |  4.8
Ice Magic      | |  7.3

Action                   |  1- 3 |  4- 6 |  7- 9 || total
-------------------------+-------+-------+-------++-------
Melee: Spear             |    83 |    16 |       ||    99
       Bite              |     5 |     1 |     1 ||     7
       Bardiche          |       |    26 |    14 ||    40
 Fire: Hunting sling     |       |    66 |       ||    66
Throw: Stone             |    15 |       |       ||    15
       Boomerang         |       |    30 |       ||    30
       Dart              |       |    34 |     5 ||    39
 Cast: Freeze            |    46 |    23 |       ||    69
       Frozen Ramparts   |       |     6 |     3 ||     9
       Ozocubu's Armour  |       |     1 |       ||     1
  Use: Scroll            |     4 |     6 |       ||    10
 Stab: Sleeping          |     4 |     7 |       ||    11
Armor: Robe              |    16 |    10 |     1 ||    27
Dodge: Dodged            |    65 |    48 |    23 ||   136

Levels and vault maps discovered:
D:1:      lightli_arrival_windingriver, layout_basic
D:2:      layout_basic, chequers_temple_overflow_minitemple,
          grunt_ministairs_14, elyvilon_altar_4, uniq_natasha, uniq_jessica,
          uniq_robin
D:3:      layout_loops_cross, nicolae_dithmenos_through_a_glass_darkly,
          trog_three_pillars_becter, uniq_ijyb, uniq_sigmund
D:4:      layout_gridville, lemuel_crystal_altar, grunt_ministairs_3,
          uniq_crazy_yiuf_cottage, uniq_pikel

Notes
Turn   | Place    | Note
-------+----------+-------------------------------------------
     0 | D:1      | phalm the Gnoll Ice Elementalist began the quest for the
                  | Orb.
     0 | D:1      | Reached XP level 1. HP: 13/13 MP: 6/6
     0 | D:1      | magus.rc [v1.9.10]
   281 | D:1      | Reached XP level 2. HP: 17/20 MP: 3/7
   963 | D:2      | Noticed Jessica
  1170 | D:2      | Reached XP level 3. HP: 16/25 MP: 1/9
  1286 | D:2      | Noticed Natasha
  1434 | D:2      | Reached skill level 5 in Spellcasting
  1514 | D:2      | HP: 3/25 [worm (11)]
  1898 | D:2      | Reached skill level 1 in Invocations
  2190 | D:2      | Noticed Robin
  2201 | D:2      | Learned a level 3 spell: Frozen Ramparts
  2205 | D:2      | Learned a level 3 spell: Ozocubu's Armour
  2273 | D:2      | Reached skill level 1 in Fighting
  2273 | D:2      | Reached skill level 1 in Short Blades
  2273 | D:2      | Reached skill level 1 in Long Blades
  2273 | D:2      | Reached skill level 1 in Axes
  2273 | D:2      | Reached skill level 1 in Maces & Flails
  2273 | D:2      | Reached skill level 1 in Polearms
  2273 | D:2      | Reached skill level 1 in Staves
  2273 | D:2      | Reached skill level 1 in Slings
  2273 | D:2      | Reached skill level 1 in Bows
  2273 | D:2      | Reached skill level 1 in Crossbows
  2273 | D:2      | Reached skill level 1 in Throwing
  2273 | D:2      | Reached skill level 1 in Armour
  2273 | D:2      | Reached skill level 1 in Shields
  2273 | D:2      | Reached skill level 1 in Unarmed Combat
  2273 | D:2      | Reached skill level 1 in Evocations
  2318 | D:2      | Reached XP level 4. HP: 32/32 MP: 8/11
  2456 | D:2      | Killed Jessica
  2457 | D:2      | Reached skill level 1 in Conjurations
  2457 | D:2      | Reached skill level 1 in Hexes
  2457 | D:2      | Reached skill level 1 in Summonings
  2457 | D:2      | Reached skill level 1 in Necromancy
  2457 | D:2      | Reached skill level 1 in Translocations
  2457 | D:2      | Reached skill level 1 in Transmutations
  2457 | D:2      | Reached skill level 1 in Fire Magic
  2457 | D:2      | Reached skill level 1 in Air Magic
  2457 | D:2      | Reached skill level 1 in Earth Magic
  2457 | D:2      | Reached skill level 1 in Poison Magic
  2491 | D:2      | Killed Robin
  2497 | D:2      | Reached XP level 5. HP: 24/37 MP: 9/12
  2744 | D:2      | Found a white marble altar of Elyvilon.
  3120 | D:2      | Killed Natasha
  3156 | D:2      | Noticed Natasha
  3164 | D:2      | Killed Natasha
  3270 | D:2      | Noticed Natasha
  3277 | D:2      | Killed Natasha
  3650 | D:2      | Found a faded altar of an unknown god.
  3650 | D:2      | Found a faded altar of an unknown god.
  3658 | D:2      | Found a glowing silver altar of Zin.
  3660 | D:2      | Found a sparkling altar of Nemelex Xobeh.
  3662 | D:2      | Found a broken altar of Ashenzari.
  3830 | D:3      | Reached XP level 6. HP: 44/44 MP: 13/13
  3870 | D:3      | Reached skill level 2 in Invocations
  3880 | D:3      | Found a shadowy altar of Dithmenos.
  4070 | D:3      | Noticed Ijyb
  4075 | D:3      | Killed Ijyb
  4095 | D:3      | Reached skill level 5 in Dodging
  4391 | D:3      | Reached skill level 2 in Fighting
  4391 | D:3      | Reached skill level 2 in Short Blades
  4391 | D:3      | Reached skill level 2 in Long Blades
  4391 | D:3      | Reached skill level 2 in Axes
  4391 | D:3      | Reached skill level 2 in Maces & Flails
  4391 | D:3      | Reached skill level 2 in Polearms
  4391 | D:3      | Reached skill level 2 in Staves
  4391 | D:3      | Reached skill level 2 in Slings
  4391 | D:3      | Reached skill level 2 in Bows
  4391 | D:3      | Reached skill level 2 in Crossbows
  4391 | D:3      | Reached skill level 2 in Throwing
  4391 | D:3      | Reached skill level 2 in Armour
  4391 | D:3      | Reached skill level 2 in Shields
  4391 | D:3      | Reached skill level 2 in Unarmed Combat
  4391 | D:3      | Reached skill level 2 in Evocations
  4410 | D:3      | Found a bloodstained altar of Trog.
  4689 | D:3      | Noticed Sigmund
  4704 | D:3      | Killed Sigmund
  4705 | D:3      | Reached XP level 7. HP: 50/50 MP: 15/15
  4873 | D:3      | HP: 9/50 [ogre/+0 giant club (20)]
  4875 | D:3      | Demolished by an ogre

Vanquished Creatures
  Sigmund (D:3)
  A lemure (D:3)
  An orc wizard (D:3)
  Jessica (D:2)
  Ijyb (D:3)
  Natasha (thrice) (D:2)
  Robin (D:2)
  4 adders
  2 oozes (D:2)
  5 worms
  5 dart slugs
  4 leopard geckos
  5 orcs (D:3)
  A ball python (D:3)
  A giant cockroach (D:2)
  14 goblins
  12 hobgoblins
  7 jackals
  2 quokkas (D:3)
  11 bats
  4 frilled lizards
  5 kobolds
  9 rats
100 creatures vanquished.

Vanquished Creatures (others)
  A giant cockroach (D:2)
  A quokka (D:2)
2 creatures vanquished.

Grand Total: 102 creatures vanquished

Table legend:
 A = Non-vault XP
 B = Vault XP
 C = Vault XP percentage of total XP
 D = Non-vault monster count
 E = Vault monster count
 F = Vault count percentage of total count
                 A         B        C        D         E       F
            +---------+---------+-------+---------+---------+-------
      Total |     326 |     387 |  54.3 |      81 |      18 |  18.2
            +---------+---------+-------+---------+---------+-------
        D:1 |      29 |       0 |   0.0 |      16 |       0 |   0.0
        D:2 |     165 |     114 |  40.9 |      37 |      16 |  30.2
        D:3 |     132 |     273 |  67.4 |      28 |       2 |   6.7
            +---------+---------+-------+---------+---------+-------

Illustrated notes

Table legend:
 A = Kills in this place as a percentage of kills in entire the game.
 B = Kills by you in this place as a percentage of kills by you in the entire game.
 C = Kills by friends in this place as a percentage of kills by friends in the entire game.
 D = Other kills in this place as a percentage of other kills in the entire game.
 E = Experience gained in this place as a percentage of experience gained in the entire game.
 F = Experience gained in this place divided by the number of levels of this place that you have seen.
                   A       B       C       D       E      F
               +-------+-------+-------+-------+-------+----------------------
         Total | 100.0 | 100.0 |   N/A |   N/A | 100.0 | 178.2
       Dungeon | 100.0 | 100.0 |   N/A |   N/A | 100.0 | 178.2
               +-------+-------+-------+-------+-------+----------------------

Table legend: (Time is in decaauts)
 A = Elapsed time spent in this place.
 B = Non-inter-level travel time spent in this place.
 C = Inter-level travel time spent in this place.
 D = Time resting spent in this place.
 E = Time spent auto-exploring this place.
 F = Levels seen in this place.
 G = Mean time per level.
                   A        B        C        D        E       F      G
               +--------+--------+--------+--------+--------+-----+--------+
         Total |   4965 |   4723 |    242 |      0 |   3938 |   4 | 1241.2 |
       Dungeon |   4965 |   4723 |    242 |      0 |   3938 |   4 | 1241.2 |
               +--------+--------+--------+--------+--------+-----+--------+

Top non-repeatable levels by time:
     D:2: 2038 daAuts
     D:1: 1777 daAuts
     D:3: 1141 daAuts
     D:4: 8 daAuts
